 Dungeon Crawl Stone Soup version 0.30.0-30-g96aa6591b8 (webtiles) character file.

Game seed: 18001870330462539524

39659 Dadbod the Thaumaturge (level 14, -1/92 HPs)
             Began as a Djinni Fire Elementalist on June 30, 2023.
             Was a High Priest of Makhleb.
             Slain by a minotaur
             ... wielding the +4 scimitar of Recklessness {heavy, rPois rN+ Int-4}
              (72 damage)
             ... in a Gauntlet.
             The game lasted 01:25:06 (14088 turns).

Dadbod the Thaumaturge (Djinni Fire Elementalist)  Turns: 14088, Time: 01:25:07

Health: -1/92      AC: 14    Str:  7    XL:     14   Next: 40%
Gold:   691        EV: 14    Int: 19    God:    Makhleb [*****.] SH: 16 Dex: 19

rFire   + + +        y - staff of fire
rCold   x . .        I - +0 kite shield
rNeg    . . .        N - +2 robe {Archmagi}
rPois   ∞            H - +0 helmet
rElec   +            m - +0 cloak
rCorr   .            (no gloves)
SInv    .            (boots unavailable)
Will    +....        D - amulet of regeneration
Stlth   ++++         B - ring of the Greedy {rElec rF+ AC+4 Int-4 Dex+6}
HPRegen 1.15/turn    P - +4 ring of protection
MPRegen 0.00/turn

%: no teleportation, archmagi, infuse magic (-2 HP)
@: flying, hasted, very quick
A: sickness immunity, fire resistance 2, cold vulnerability 1, float, innate
caster, HP casting, extra vitality 1, large bone plates 1
a: Renounce Religion, Minor Destruction, Lesser Servant of Makhleb, Major
Destruction, Greater Servant of Makhleb


You were in a Gauntlet.
You worshipped Makhleb.
Makhleb was extremely pleased with you.
You visited 2 branches of the dungeon, and saw 17 of its levels.
You also visited: Gauntlet.

You collected 1173 gold pieces.
You spent 482 gold pieces at shops.

Inventory:

Missiles
 k - 2 throwing nets
 E - 5 curare-tipped darts (quivered)
Armour
 a - the +1 ring mail of Dice, Bag, and Bottle {Will+++ Str+4 Dex-2}
   (You bought it in a shop on level 1 of the Dungeon)

   Str:       It affects your strength (+4).
   Dex:       It affects your dexterity (-2).
   Will:      It greatly increases your willpower.
 m - a +0 cloak (worn)
 C - a +2 pair of gloves of stealth
 H - a +0 helmet (worn)
 I - a +0 kite shield (worn)
 N - a +2 robe of the Archmagi (worn)
Magical Staves
 y - a staff of fire (weapon)
Jewellery
 f - a ring of willpower
 n - a +6 ring of intelligence
 p - a ring of fire
 u - a ring of wizardry
 B - the ring of the Greedy (left hand) {rElec rF+ AC+4 Int-4 Dex+6}
   (You found it in a Gauntlet)

   [ring of protection]

   AC:        It affects your AC (+4).
   Int:       It affects your intelligence (-4).
   Dex:       It affects your dexterity (+6).
   rF:        It protects you from fire.
   rElec:     It insulates you from electricity.
 D - an amulet of regeneration (around neck)
 P - a +4 ring of protection (right hand)
Wands
 l - a wand of flame (72)
 z - a wand of acid (7)
 J - a wand of digging (2)
 K - a wand of roots (17)
Scrolls
 c - 5 scrolls of fear
 g - 6 scrolls of enchant weapon
 h - a scroll of poison
 i - 4 scrolls of teleportation
 j - a scroll of blinking
 o - a scroll of acquirement {unknown}
 q - 3 scrolls of silence
 s - a scroll of immolation {unknown}
 t - 4 scrolls of fog
 v - a scroll of enchant armour {unknown}
 L - a scroll of butterflies
 M - a scroll of vulnerability {unknown}
 O - a scroll of magic mapping
Potions
 b - 8 potions of curing
 d - 3 potions of might
 e - 3 potions of heal wounds
 r - 3 potions of attraction
 w - 4 potions of brilliance
 x - 3 potions of lignification
 A - 2 potions of ambrosia
 F - a potion of mutation
 G - 8 potions of haste


   Skills:
 * Level 5.3 Fighting
 * Level 5.2 Armour
 * Level 6.5 Dodging
 * Level 6.8 Stealth
 * Level 8.8 Shields
 * Level 14.3 Spellcasting
 * Level 5.0 Invocations


You knew the following spells:

 Your Spells              Type           Power      Damage    Failure   Level
a - Foxfire               Conj/Fire      100%       2x1d9     1%          1
b - Scorch                Fire           100%       2d9       1%          2
c - Volatile Blastmotes   Fire/Tloc      100%       2d18      1%          3
d - Inner Flame           Hex/Fire       100%       N/A       1%          3
e - Flame Wave            Conj/Fire      100%       2d21      1%          4
f - Beastly Appendage     Tmut           100%       N/A       1%          1
g - Momentum Strike       Conj/Tloc      100%       3d10      1%          2
h - Spider Form           Tmut/Pois      80%        N/A       1%          3
i - Cause Fear            Hex            40%        N/A       1%          4
j - Fulminant Prism       Conj/Hex       40%        3d19      1%          4
k - Freezing Cloud        Conj/Ice/Air   40%        6-21      1%          5
Your spell library was empty.

Dungeon Overview and Level Annotations

Branches:
Dungeon (13/15)            Temple (0/1) D:5            Lair (5/5) D:8
  Swamp (0/4) Lair:3        Snake (0/4) Lair:3        Slime (0/5) Lair:5
    Orc (0/2) D:12        Gauntlet (1/1)
 Vaults: D:13-14

Altars:
Cheibriados
Hepliaklqana
Makhleb
Trog
Wu Jian
Zin
Lugonu

Shops:
D:1 [

Annotations:
D:8 2 transporters
Lair:4 2 transporters, LustLizard's ghost, journeyman DEAE Gauntlet 10 transporters, exclusion: ice statue


Innate Abilities, Weirdness & Mutations

You are immune to sickness and miasma.
You are immune to poison.
Your flesh is very heat resistant. (rF++)
You are vulnerable to cold. (rC-)
You float through the air rather than walking.
You learn spells naturally, not from books.
Your magical power is your life essence.
You have superior vitality. (+4 MHP)
You are partially covered in large bone plates. (SH +4)


Message History

Okay, then.
Unknown command.
Unknown command.
Unknown command.
Press: ? - help, v - describe, . - travel
Here: a minotaur, wielding the +4 scimitar of Recklessness {heavy, rPois rN+ Int-4}, wearing a +0 plate armour and quivering silver javelins (moderately wounded, berserk, inner flame)
The floor.
Unknown command.
Unknown command.
Unknown command.
Okay, then.
Unknown command.
Unknown command.
Unknown command.
Unknown command.
Unknown command.
Unknown command.
Unknown command.
Unknown command.
Unknown command.
You feel yourself speed up.
Blink to where?
Press: ? - help, Dir - move target
As you read the scroll of blinking, it crumbles to dust.
The minotaur rages.
You feel much better.
Throw: 7 darts (curare)
Press: ? - help, Q - select action, (/) - cycle Shift-Dir - straight line, f - minotaur
Aim: a minotaur, wielding the +4 scimitar of Recklessness {heavy, rPois rN+ Int-4}, wearing a +0 plate armour and quivering silver javelins (moderately wounded, berserk, inner flame, 77% to hit)
You throw a curare-tipped dart.
The curare-tipped dart closely misses the minotaur.
Throw: 6 darts (curare)
Press: ? - help, Q - select action, (/) - cycle Shift-Dir - straight line, f/p - minotaur
Aim: a minotaur, wielding the +4 scimitar of Recklessness {heavy, rPois rN+ Int-4}, wearing a +0 plate armour and quivering silver javelins (moderately wounded, berserk, inner flame, 77% to hit)
You throw a curare-tipped dart.
The curare-tipped dart hits the minotaur.
The minotaur is moderately wounded.
The minotaur hits you with the +4 scimitar of Recklessness {heavy, rPois rN+ Int-4}!!!!
Ouch! That really hurt!
You die...

##########..### 2........#..#
..##.##..#..#
.#..#..#.#..####
.#.©#..#.#..#≈8≈#
..#####..#..#...# #####
.#..#..#.####.8.##....#
.#..#..#.#©.....##.##.#
..##.##..####.8.@..##.#
..3:2!".2#..#..H##.##.# #
##########..#.8.##....#.# ≈#
...........≈#..(##.##.#.#.≈≈#
...........∩#.8....##.'.H.∩≈#
...........≈#...##.##.#.#.≈≈#
##########..#.8.##.H..# # #
....©....#..#...##.##.#
.#...###.####.8....##.#


You could see a minotaur (berserk, inner flame).

Vanquished Creatures
  A green death (Gauntlet)
  A hydra (Lair:4)
  A boulder beetle (Lair:2)
  2 two-headed ogres
  8 death yaks
  Sonja (Lair:4)
  A skyshark (Lair:3)
  A bog body (Lair:3)
  Pikel (D:9)
  2 ugly things
  4 elephants (Lair:4)
  8 black mambas
  Joseph (D:9)
  A guardian serpent (Lair:5)
  7 cane toads
  2 rime drakes
  5 komodo dragons
  3 kobold demonologists
  7 hornets
  A polar bear (Lair:4)
  7 blink frogs
  4 dream sheep (Lair:3)
  A centaur simulacrum (Gauntlet)
  15 wyverns
  41 yaks
  A steam dragon (D:7)
  3 basilisks
  Menkaure (D:4)
  2 redbacks (Lair:5)
  5 small abominations (Gauntlet)
  4 nagas (Lair:3)
  3 swamp worms (Lair:3)
  A large abomination (Gauntlet)
  17 water moccasins
  A meliai simulacrum (Gauntlet)
  3 orc warriors
  3 ice beasts
  3 sky beasts
  7 black bears
  3 wolves (Lair:1)
  2 ogres
  3 centaurs
  3 kobold brigands
  A phantom (D:4)
  4 lemures (D:9)
  A scorpion (D:6)
  13 bullfrogs
  2 gnoll sergeants
  2 electric eels
  2 howler monkeys
  2 jellies
  Crazy Yiuf (D:2)
  7 hounds
  A wyvern simulacrum (Gauntlet)
  3 orc priests
  A sleepcap (D:5)
  An iguana (D:4)
  6 orc wizards
  10 adders
  10 gnolls
  3 white imps
  6 worms
  3 dart slugs
  33 orcs
  8 ball pythons
  12 bats
  12 endoplasms
  3 giant cockroaches
  11 goblins
  6 hobgoblins
  3 jackals (D:4)
  4 quokkas
  8 frilled lizards
  22 kobolds
  2 rats
  3 foxfires (Lair:2)
  6 fulminant prisms
403 creatures vanquished.

Vanquished Creatures (collateral kills)
  14 foxfires
14 creatures vanquished.

Vanquished Creatures (others)
  911 foxfires
  34 fulminant prisms
945 creatures vanquished.

Grand Total: 1362 creatures vanquished

Notes
Turn   | Place    | Note
-------+----------+-------------------------------------------
     0 | D:1      | Dadbod the Djinni Fire Elementalist began the quest for the
                  | Orb.
     0 | D:1      | Dadbod set off with the following spells memorised:
                  | Foxfire, Scorch, Volatile Blastmotes, Inner Flame, Flame
                  | Wave.
     0 | D:1      | Reached XP level 1. HP: 15/15 MP: 0/0
   112 | D:1      | Reached XP level 2. HP: 21/21 MP: 0/0
   222 | D:1      | Found Qiefi's Armour Emporium.
   272 | D:1      | Reached skill level 3 in Spellcasting
   412 | D:1      | Reached XP level 3. HP: 24/25 MP: 0/0
   412 | D:1      | Learned a level 1 spell: Beastly Appendage
   891 | D:2      | Reached XP level 4. HP: 21/31 MP: 0/0
  1079 | D:2      | Found a runed translucent door.
  1080 | D:2      | Noticed Crazy Yiuf
  1089 | D:2      | Killed Crazy Yiuf
  1275 | D:2      | Reached XP level 5. HP: 25/35 MP: 0/0
  1275 | D:2      | Learned a level 2 spell: Momentum Strike
  1455 | D:2      | Reached skill level 4 in Spellcasting
  2034 | D:3      | Found a faded altar of an unknown god.
  2467 | D:4      | Reached XP level 6. HP: 38/40 MP: 0/0
  2600 | D:4      | Found a glowing silver altar of Zin.
  2738 | D:4      | Noticed Menkaure
  2743 | D:4      | Killed Menkaure
  2744 | D:4      | Reached skill level 5 in Spellcasting
  2744 | D:4      | Reached XP level 7. HP: 41/45 MP: 0/0
  2744 | D:4      | Learned a level 3 spell: Spider Form
  2875 | D:4      | Found a snail-covered altar of Cheibriados.
  2875 | D:4      | Found an ornate altar of the Wu Jian Council.
  2877 | D:4      | Found a burning altar of Makhleb.
  2879 | D:4      | Found a bloodstained altar of Trog.
  2882 | D:4      | Became a worshipper of Makhleb the Destroyer
  3390 | D:5      | Entered Level 5 of the Dungeon
  3438 | D:5      | Reached skill level 6 in Spellcasting
  3550 | D:5      | Found a staircase to the Ecumenical Temple.
  3601 | D:5      | Reached XP level 8. HP: 46/50 MP: 0/0
  4167 | D:6      | Found the +3 hat of Pondering {ponderous, Will+ MP+10
                  | Int+5}
  4224 | D:6      | Noticed a hornet
  4230 | D:6      | Killed a hornet
  4242 | D:6      | Reached skill level 7 in Spellcasting
  4257 | D:6      | Noticed a two-headed ogre
  4430 | D:6      | Reached * piety under Makhleb
  4431 | D:6      | Reached XP level 9. HP: 50/55 MP: 0/0
  4431 | D:6      | Learned a level 4 spell: Cause Fear
  4529 | D:6      | Killed a two-headed ogre
  4530 | D:6      | Reached skill level 8 in Spellcasting
  4922 | D:6      | Reached skill level 9 in Spellcasting
  5244 | D:7      | Reached ** piety under Makhleb
  5246 | D:7      | Reached XP level 10. HP: 40/61 MP: 0/0
  5466 | D:7      | Found a hazy altar of Hepliaklqana.
  5825 | D:7      | Reached skill level 1 in Shields
  5846 | D:7      | Noticed a two-headed ogre
  5846 | D:7      | Noticed a green ugly thing
  5853 | D:7      | Killed a green ugly thing
  5855 | D:7      | Killed a two-headed ogre
  5856 | D:7      | Reached skill level 5 in Shields
  6223 | D:8      | Found a transporter.
  6225 | D:8      | Noticed a white ugly thing
  6227 | D:8      | Found a transporter.
  6228 | D:8      | Found a corrupted altar of Lugonu.
  6698 | D:8      | Noticed a kobold demonologist
  6701 | D:8      | Killed a kobold demonologist
  6702 | D:8      | Reached skill level 10 in Spellcasting
  6866 | D:1      | Bought the +1 ring mail of Dice, Bag, and Bottle {Will+++
                  | Str+4 Dex-2} for 482 gold pieces
  7226 | D:8      | Found a staircase to the Lair.
  7226 | D:8      | Noticed a komodo dragon
  7240 | D:8      | Killed a komodo dragon
  7241 | D:8      | Reached XP level 11. HP: 66/66 MP: 0/0
  7241 | D:8      | Learned a level 4 spell: Fulminant Prism
  7411 | D:9      | Noticed Joseph
  7414 | D:9      | Reached skill level 1 in Fighting
  7415 | D:9      | Reached skill level 1 in Armour
  7415 | D:9      | Reached skill level 1 in Invocations
  7455 | D:9      | Killed Joseph
  7804 | D:9      | Reached *** piety under Makhleb
  7840 | D:9      | Noticed Pikel
  7845 | D:9      | Killed Pikel
  7846 | D:9      | Reached skill level 5 in Stealth
  8284 | Lair:1   | Entered Level 1 of the Lair of Beasts
  8349 | Lair:1   | Noticed a death yak
  8351 | Lair:1   | Noticed a death yak
  8352 | Lair:1   | Noticed a death yak
  8359 | Lair:1   | Reached skill level 11 in Spellcasting
  8359 | Lair:1   | Killed a death yak
  8359 | Lair:1   | Killed a death yak
  8361 | Lair:1   | Killed a death yak
  8362 | Lair:1   | Reached XP level 12. HP: 75/76 MP: 0/0
  9065 | Lair:2   | Noticed a death yak
  9065 | Lair:2   | Noticed a death yak
  9067 | Lair:2   | Noticed a death yak
  9067 | Lair:2   | Noticed a death yak
  9070 | Lair:2   | Noticed a death yak
  9077 | Lair:2   | Killed a death yak
  9077 | Lair:2   | Noticed a boulder beetle
  9078 | Lair:2   | Killed a death yak
  9087 | Lair:2   | Killed a death yak
  9092 | Lair:2   | Killed a death yak
  9092 | Lair:2   | Reached **** piety under Makhleb
  9093 | Lair:2   | Reached skill level 5 in Dodging
  9093 | Lair:2   | Reached skill level 12 in Spellcasting
  9442 | Lair:2   | Killed a boulder beetle
  9468 | Lair:2   | Reached XP level 13. HP: 64/83 MP: 0/0
  9468 | Lair:2   | Learned a level 5 spell: Freezing Cloud
  9943 | Lair:3   | Reached ***** piety under Makhleb
  9988 | Lair:3   | Found a staircase to the Snake Pit.
 10025 | Lair:3   | Reached skill level 13 in Spellcasting
 10351 | Lair:3   | Found a staircase to the Swamp.
 10969 | Lair:4   | Found a transporter.
 10976 | Lair:4   | Noticed an eight-headed hydra
 10983 | Lair:4   | Found a transporter.
 10988 | Lair:4   | Noticed a seven-headed hydra
 11016 | Lair:4   | Noticed LustLizard's ghost (journeyman DEAE)
 11035 | Lair:4   | Noticed a seven-headed hydra
 11306 | Lair:4   | Noticed a five-headed hydra
 11315 | Lair:4   | Killed a five-headed hydra
 11374 | Lair:4   | Noticed Sonja
 11377 | Lair:4   | Killed Sonja
 11839 | Lair:4   | Noticed an eight-headed hydra
 12107 | Lair:5   | Entered Level 5 of the Lair of Beasts
 12114 | Lair:5   | Found a staircase to the Slime Pits.
 12250 | Lair:5   | Reached XP level 14. HP: 87/90 MP: 0/0
 12259 | Lair:5   | Gained mutation: You are partially covered in large bone
                  | plates. (SH +4) [potion of mutation]
 12280 | Lair:5   | Reached skill level 5 in Fighting
 12636 | Lair:5   | Reached skill level 5 in Armour
 12636 | Lair:5   | Reached skill level 14 in Spellcasting
 13288 | D:10     | Entered Level 10 of the Dungeon
 13288 | D:10     | You are sucked into a shaft and drop 3 floors!
 13381 | D:12     | Found a gate leading to a gauntlet.
 13390 | Gauntlet | Entered a Gauntlet
 13390 | Gauntlet | Found a transporter.
 13390 | Gauntlet | Found a transporter.
 13394 | Gauntlet | Found a transporter.
 13394 | Gauntlet | Found a transporter.
 13417 | Gauntlet | Found a transporter.
 13427 | Gauntlet | Found a transporter.
 13427 | Gauntlet | Found a transporter.
 13428 | Gauntlet | Noticed a cacodemon
 13431 | Gauntlet | Found a transporter.
 13458 | Gauntlet | Found a transporter.
 13465 | Gauntlet | Found a transporter.
 13483 | Gauntlet | Found a transporter.
 13529 | Gauntlet | Found a transporter.
 13543 | Gauntlet | Found a transporter.
 13628 | Gauntlet | Found a transporter.
 13643 | Gauntlet | Found a transporter.
 13659 | Gauntlet | Found a transporter.
 13994 | Gauntlet | Reached skill level 5 in Invocations
 13999 | Gauntlet | Identified the ring of the Greedy {rElec rF+ AC+4 Int-4
                  | Dex+6}
 14070 | Gauntlet | Identified the +4 scimitar of Recklessness {heavy, rPois
                  | rN+ Int-4}
 14070 | Gauntlet | Noticed a minotaur
 14088 | Gauntlet | Slain by a minotaur

Illustrated notes

Levels and vault maps discovered:
D:1:      dpeg_arrival_castle, layout_loops_ring, serial_shops,
          nicolae_shop_real_fake_doors, serial_bayou_pond_b,
          minmay_misc_feat_encased
D:2:      layout_rooms, uniq_crazy_yiuf_cottage
D:3:      minmay_bubble_buster, layout_rooms, hellmonk_ecumenical_altar_lost_god
D:4:      minmay_wonky_spiral, layout_basic, mainiacjoe_overflow_alcove_3,
          zin_academy, uniq_menkaure
D:5:      layout_basic, minmay_temple_entry_grid
D:6:      layout_loops_ring
D:7:      kennysheep_big_flooded_room, layout_cave_pods, amcnicky_altar_gilded
D:8:      gammafunk_corrupted_shrine, layout_loops_ring, david_lair_shrubbed,
          minivault_22
D:9:      layout_basic, uniq_pikel, uniq_joseph
D:10:     layout_roguey
D:12:     layout_basic, zombieorc2_lemuel, gauntlet_entry_generic,
          minmay_nine_imps
D:13:     layout_rooms, hangedman_vaults_entry_quadrant_bands, uniq_kirke
Lair:1:   layout_big_grid, chequers_serial_rivers_micro_d, grunt_megastairs_3,
          infiniplex_staircase_pool
Lair:2:   layout_concentric_octagons, beast_lair_carwin_1, lemuel_fruit_fields
Lair:3:   layout_layer_cave, nicolae_swamp_entry_splash_gauntlet,
          minmay_snake_entry_guardpost_large
Lair:4:   layout_cellular_growth, nzn_ghost_randoct, uniq_sonja
Lair:5:   hangedman_lair_tendril_chambers, layout_gridlike, wormcave,
          slime_entry_1
Gauntlet: gammafunk_gauntlet_branching [nicolae_gauntlet_arena_t_cross,
          gammafunk_gauntlet_arena_spirals,
          gammafunk_gauntlet_arena_split_diamond,
          gammafunk_gauntlet_arena_corners, gammafunk_gauntlet_arena_mazey,
          gammafunk_gauntlet_arena_teeth, nicolae_gauntlet_arena_grate_2,
          nicolae_gauntlet_arena_quarters, gauntlet_exit_watery]

Skill      XL: |  1  2  3  4  5  6  7  8  9 10 11 12 13 14 |
---------------+-------------------------------------------+-----
Spellcasting   | 3 4 5 6 7 9 10 11 12 13 14 | 14.3
Stealth        | 2 3 4 5 6 |  6.8
Dodging        | 3 4 5 6 |  6.5
Shields        | 7 8 |  8.8
Fighting       | 2 4 5 |  5.3
Armour         | 2 3 4 5 |  5.2
Invocations    | 2 3 4 5 |  5.0

Action                     |  1- 3 |  4- 6 |  7- 9 | 10-12 | 13-15 || total
---------------------------+-------+-------+-------+-------+-------++-------
  Melee: Unarmed           |     2 |       |       |    11 |       ||    13
  Throw: Dart              |       |       |       |       |     2 ||     2
   Cast: Foxfire           |    47 |    72 |    87 |   166 |   169 ||   541
         Scorch            |     4 |    29 |    26 |    49 |    37 ||   145
         Inner Flame       |       |     1 |     5 |    38 |    52 ||    96
         Flame Wave        |       |       |     5 |    15 |    43 ||    63
         Volatile Blastmot |       |       |     5 |     4 |     3 ||    12
         Cause Fear        |       |       |     3 |     4 |       ||     7
         Beastly Appendage |       |       |       |     1 |     1 ||     2
         Spider Form       |       |       |       |     1 |       ||     1
         Fulminant Prism   |       |       |       |    27 |    13 ||    40
         Freezing Cloud    |       |       |       |       |     5 ||     5
  Evoke: Wand              |       |       |       |       |     1 ||     1
    Use: Scroll            |       |     7 |     2 |     4 |    12 ||    25
         Potion            |       |       |       |       |     3 ||     3
 Armour: Robe              |     2 |     1 |     1 |    13 |     5 ||    22
         Skin              |       |       |       |     2 |       ||     2
         Ring mail         |       |       |       |     8 |       ||     8
  Dodge: Dodged            |    10 |     1 |    10 |    44 |    18 ||    83
  Block: Kite shield       |       |       |       |    23 |    23 ||    46
